Map: Dasan Station LE

Players

Nerchio

  • Race: Zerg Zerg

Scarlett - Winner!

  • Race: Zerg Zerg

Event: 2016 WCS Summer Circuit Championship (DH Montreal)

VOD

Have the link to the VOD?

Description

Time

  • Played on: Aug. 13, 2016, 3 p.m.
  • Length: 7:23

All games in this series

Show
View Real Time Build Order
Export as new Build Order

Nerchio Zerg 

Build Orders: Pool First 

Get SALT Encoding   

  12  0:00  Drone  
  13  0:12  Overlord  
  13  0:17  Drone  
  14  0:30  Drone x2  
  14  0:34  Drone  
  17  0:43  Spawning Pool  
  17  0:47  Drone  
  17  1:08  Hatchery  
  17  1:10  Drone  
  17  1:13  Extractor  
  17  1:15  Drone  
  17  1:29  Drone  
  17  1:30  Queen  
  20  1:34  Zergling x2  
  21  1:41  Overlord  
  21  1:49  Drone  
  22  2:00  Drone  
  23  2:05  Queen  
  25  2:16  Roach Warren  
  25  2:20  Drone  
  25  2:29  Overlord  
  24  2:57  Roach x8  
  40  3:04  Roach  
  42  3:09  Overlord  
  42  3:28  Drone x6  
  42  3:31  Drone  
  49  3:35  Drone  
  50  3:42  Overlord  
  45  3:51  Roach  
  45  3:53  Drone  
  45  3:54  Drone x2  
  45  3:55  Drone  
  46  4:02  Drone x2  
  48  4:07  Drone  
  48  4:10  Roach  
  48  4:13  Roach  
  52  4:17  Overlord  
  52  4:26  Overlord  
  52  4:37  Roach x4  
  60  4:45  Roach x2  
  61  4:50  Roach  
  61  4:52  Drone x2  
  56  4:58  Drone  
  53  5:02  Drone  
  53  5:04  Drone  
  51  5:10  Drone  
  49  5:16  Drone x2  
  49  5:19  Ravager  
  49  5:29  Roach x3  
  55  5:36  Overlord  
  55  5:37  Roach  
  55  5:40  Overlord  
  57  5:44  Queen  
  57  5:47  Overlord  
  59  5:56  Ravager  
  60  5:59  Drone x2  
  60  6:00  Drone  
  60  6:01  Extractor  
  60  6:03  Roach  
  64  6:13  Roach  
  66  6:19  Roach  
  66  6:23  Queen  
  70  6:28  Roach  
  72  6:33  Roach  
  72  6:34  Hatchery  
  72  6:36  Spine Crawler, Roach  
  72  6:39  Overlord  
  74  6:40  Roach  
  76  6:50  Roach x2  
  76  6:55  Roach  
  76  7:01  Roach  
Show
View Real Time Build Order
Export as new Build Order

Scarlett Zerg - Winner!

Build Orders: Pool First 

Get SALT Encoding   

  12  0:00  Drone  
  13  0:12  Overlord  
  13  0:17  Drone  
  14  0:30  Drone x2  
  14  0:33  Drone  
  17  0:43  Spawning Pool  
  17  0:46  Drone  
  17  0:55  Drone  
  18  1:10  Hatchery  
  17  1:13  Extractor  
  17  1:14  Drone  
  17  1:20  Drone  
  18  1:28  Drone  
  18  1:31  Queen  
  21  1:39  Overlord  
  21  1:48  Drone  
  22  1:56  Roach Warren  
  22  1:59  Zergling x2  
  22  2:07  Queen  
  24  2:24  Drone  
  24  2:25  Drone  
  25  2:36  Roach  
  27  2:38  Drone x2  
  27  2:39  Queen  
  32  2:44  Drone  
  32  2:47  Overlord  
  32  2:53  Roach  
  32  2:55  Roach  
  36  3:00  Overlord  
  36  3:06  Ravager  
  36  3:09  Drone x2  
  36  3:10  Metabolic Boost  
  39  3:14  Zergling x4  
  43  3:20  Roach  
  43  3:25  Zergling x4  
  43  3:26  Roach, Zergling x2  
  48  3:37  Roach  
  50  3:45  Zergling x6  
  50  3:51  Zergling x2  
  51  3:59  Overlord x3  
  51  4:06  Overlord  
  51  4:13  Overlord  
  51  4:17  Queen  
  51  4:23  Roach  
  51  4:24  Roach x4  
  63  4:29  Zergling x8  
  67  4:40  Roach, Zergling x8  
  69  4:51  Roach, Zergling x2  
  55  5:08  Roach, Zergling x6  
  56  5:23  Roach, Zergling x8  
  56  5:26  Queen x2  
  62  5:38  Extractor, Roach x3  
  64  5:48  Roach x2  
  64  5:49  Zergling x6  
  71  5:56  Overlord  
  71  5:57  Zergling x4  
  71  6:02  Queen x2  
  77  6:22  Roach  
  77  6:23  Roach, Zergling x10  
  86  6:32  Overlord  
  84  6:35  Ravager x2  
  84  6:38  Roach, Zergling x10  
  91  6:52  Roach, Zergling x2  
Tags
 
Add a new tag
Caveats
  • Supply blocks, unpowered buildings, or Contaminate may cause inaccurate times.
  • Supply counts are checked every 10 seconds.